 Dungeon Crawl Stone Soup version 0.30.0-18-gc0e69614cb (webtiles) character file.

Game seed: 14378135194745689839

221 JanusIIV the Shooter (level 5, -1/32 HPs)
             Began as a Deep Elf Hunter on May 25, 2023.
             Slain by an ice beast (11 damage)
             ... on level 3 of the Dungeon.
             The game lasted 00:02:07 (1781 turns).

JanusIIV the Shooter (Deep Elf Hunter)              Turns: 1781, Time: 00:02:07

Health: -1/32      AC:  4    Str:  8    XL:     5   Next: 65%
Magic:  7/7        EV: 12    Int: 14    God:
Gold:   110        SH:  0    Dex: 20    Spells: 4/4 levels left

rFire   . . .        f - +0 longbow
rCold   . . .        (shield currently unavailable)
rNeg    . . .        c - +0 leather armour
rPois   .            (no helmet)
rElec   .            j - +0 cloak
rCorr   .            (no gloves)
SInv    .            (no boots)
Will    .....        (no amulet)
Stlth   ++           (no ring)
HPRegen 0.25/turn    (no ring)
MPRegen 0.10/turn

%: no passive effects
@: hasted, very quick
A: no striking features
a: no special abilities


You were on level 3 of the Dungeon.
You visited 1 branch of the dungeon, and saw 3 of its levels.

You collected 110 gold pieces.

Inventory:

Hand Weapons
 a - a +0 shortbow
 f - a +0 longbow (weapon)
Armour
 c - a +0 leather armour (worn)
 j - a +0 cloak (worn)
Jewellery
 k - an amulet of guardian spirit
Wands
 m - a wand of flame (15)
Scrolls
 b - 2 scrolls of immolation
 d - 2 scrolls of blinking {unknown}
 h - a scroll of teleportation {unknown}
 i - a scroll of identify {unknown}
Potions
 e - a potion of experience {unknown}
 g - a potion of curing {unknown}
 l - a potion of resistance {unknown}
 n - 2 potions of haste


   Skills:
 + Level 3.6 Fighting
 + Level 7.5 Ranged Weapons
 - Level 2.4 Dodging
 - Level 1.2 Stealth


You had 4 spell levels left.
You didn't know any spells.
Your spell library contained the following spells:

 Spells                   Type           Power      Damage    Failure   Level
 Dazzling Flash           Conj/Hex       0%         N/A       77%         3
 Volatile Blastmotes      Fire/Tloc      0%         2d10      77%         3
 Iskenderun's Mystic Bla  Conj/Tloc      0%         2d3       99%         4
 Starburst                Conj/Fire      0%         6d3       100%        6


Dungeon Overview and Level Annotations

Branches:
Dungeon (3/15)

Altars:


Message History

The orc shouts! x2
An orc comes into view. It is wielding a +0 whip.
You shoot an arrow. The arrow closely misses the orc.
You shoot an arrow. The arrow hits the orc!
You kill the orc!
You shoot an arrow. The arrow hits the orc!!
You kill the orc!
You shoot an arrow. The orc shouts!
The arrow hits the orc!
You kill the orc!
No target in view!
Found a stone staircase leading down.
You see here a +0 whip.
An ice beast comes into view.
You shoot an arrow. The arrow hits the ice beast.
The ice beast is lightly wounded.
You shoot an arrow. The arrow hits the ice beast.
The ice beast is moderately wounded.
You shoot an arrow. The arrow closely misses the ice beast.
You shoot an arrow. The arrow barely misses the ice beast.
You shoot an arrow.
The arrow hits the ice beast but does no damage.
The ice beast is moderately wounded.
The ice beast hits you. The ice beast freezes you.
You shoot an arrow. The arrow closely misses the ice beast.
The ice beast hits you but does no damage.
You shoot an arrow.
The arrow hits the ice beast but does no damage.
The ice beast is moderately wounded.
The ice beast hits you. The ice beast freezes you.
You shoot an arrow. The arrow hits the ice beast.
The ice beast is moderately wounded.
The ice beast hits you but does no damage.
The ice beast attacks as you move away! The ice beast hits you.
The ice beast freezes you.
Okay, then.
It was a potion of haste.
You feel yourself speed up. The ice beast hits you. The ice beast freezes you!
You die...

#..........).#.#
#.#####.##.###)#.##
#.......##.# #....##
#######.##.###.....#
#.##........######
#.######.#)...>...
#.# #.#.####### #.#
#.#.# #.. ..#@# ##
###Y# #.# #......#
#.####.# #.# #.# #.#
...


You could see an ice beast.

Vanquished Creatures
  Sigmund (D:2)
  2 adders (D:2)
  3 worms
  A dart slug (D:3)
  3 orcs (D:3)
  A ball python (D:2)
  5 endoplasms
  4 giant cockroaches (D:2)
  2 hobgoblins
  4 jackals (D:1)
  2 kobolds
  2 quokkas
  A bat (D:1)
  2 frilled lizards
  A goblin (D:2)
  4 rats
38 creatures vanquished.

Notes
Turn   | Place    | Note
-------+----------+-------------------------------------------
     0 | D:1      | JanusIIV the Deep Elf Hunter began the quest for the Orb.
     0 | D:1      | Reached XP level 1. HP: 12/12 MP: 3/3
   277 | D:1      | Reached XP level 2. HP: 17/17 MP: 4/4
   925 | D:2      | Reached skill level 6 in Ranged Weapons
   925 | D:2      | Reached XP level 3. HP: 21/21 MP: 5/5
  1189 | D:2      | Noticed Sigmund
  1192 | D:2      | Killed Sigmund
  1193 | D:2      | Reached skill level 7 in Ranged Weapons
  1193 | D:2      | Reached XP level 4. HP: 21/28 MP: 6/6
  1193 | D:2      | Reached XP level 5. HP: 24/32 MP: 7/7
  1770 | D:3      | Noticed an ice beast
  1781 | D:3      | Slain by an ice beast

Illustrated notes

Levels and vault maps discovered:
D:1:      doesnt_arrival_eight_statues, layout_basic, minmay_misc_feat_tiny
D:2:      layout_basic, skrybe_limestone_x, minivault_26, uniq_sigmund
D:3:      layout_loops_corners, kennysheep_path_1

Skill      XL: |  1  2  3 |
---------------+----------+-----
Fighting       | 2 3 |  3.6
Ranged Weapons | 6 7 |  7.5
Dodging        | |  2.4
Stealth        | |  1.2

Action                     |  1- 3 |  4- 6 || total
---------------------------+-------+-------++-------
   Fire: Shortbow          |    20 |       ||    20
         Longbow           |    45 |    28 ||    73
    Use: Potion            |       |     1 ||     1
 Armour: Leather armour    |     3 |     2 ||     5
  Dodge: Dodged            |    19 |     3 ||    22
